[Event "*** SCC Grand Prix: Titled Tuesday Blitz"]
[Site "Chess.com"]
[Date "2020.08.11"]
[Round "3"]
[White "Casablanca"]
[Black "RaunakSadhwani2005"]
[Result "0-1"]
[WhiteElo "2451"]
[BlackElo "2950"]
[TimeControl "180+1"]
[EndTime "10:31:27 PDT"]
[Termination "RaunakSadhwani2005 won by resignation"]

1. d4 Nf6 2. Bg5 d5 3. Nc3 c6 4. e3 Bf5 5. Nf3 Nbd7 6. Bd3 Bg6 7. O-O e6 8. e4 dxe4 9. Nxe4 Be7 10. Qe2 O-O 11.
Rfe1 Qb6 12. c3 Rfe8 13. Nxf6+ Bxf6 14. Bxg6 hxg6 15. Bf4 c5 16. dxc5 Nxc5 17. Rad1 Rad8 18. Be3 Qc7 19. Bxc5 Qxc5 20. Nd2 Qa5 21. a3 Qb6 22. Ne4 Be7 23. g3 Qc6 24. Nd2 Rd5 25. Nf3 Red8 26.
Rxd5 Qxd5 27. Nd4 Bf6 28. Nc2 Bg5 29. Ne3 Bxe3 30. Qxe3 a6 31. Re2 g5 32. h3 g6 33.
Qe4 Qd1+ 34. Re1 Qd2 35. Re2 Qc1+ 36. Kg2 Rd5 37. Qc2 Qa1 38. c4 Rd1 39. Rd2 Rg1+ 40. Kf3 Qf1 41. Qc3 Qg2+ 42. Ke3 Re1+ 43. Re2 Rd1 44.
Rd2 Re1+ 45. Re2 Rxe2+ 46. Kxe2 Qxh3 47. Qd4 Qf5 48. Qd8+ Kg7 49. Qc7 Qc2+ 50. Kf1 Qxb2 51. Kg2 b6 52. a4 a5 53. c5 bxc5 54. Qxc5 Qb4 55. Qe5+ Kg8 56. Qc7 Qe4+ 57. Kg1 Qd5 58. Qb8+ Kg7 59. Qb2+ e5 60. Qb8 g4 61. Qc7 e4 62.
Qc3+ f6 63. Qc7+ Kh6 64. Qf4+ Kg7 65. Qc7+ Kh6 66. Qf4+ Qg5 67. Qb8 Qe5 68. Qh8+ Kg5 69. Qh4+ Kf5 70. Qh7 e3 71. Qd7+ Kg5 72. fxe3 Qxe3+ 73. Kg2 Qf3+ 74. Kh2 Qf2+ 75. Kh1 Qf1+ 76. Kh2 Qh3+ 77.
Kg1 Qxg3+ 78. Kf1 Qf3+ 79. Kg1 Qe3+ 80. Kg2 Qe4+ 81. Kg1 g3 82. Qb5+ Kh4 83. Qd7 Qe3+ 84. Kg2 Qf2+ 0-1

[Event "*** SCC Grand Prix: Titled Tuesday Blitz"]
[Site "Chess.com"]
[Date "2020.08.11"]
[Round "3"]
[White "MokshAD1603"]
[Black "praveenb2002"]
[Result "1-0"]
[WhiteElo "2467"]
[BlackElo "2741"]
[TimeControl "180+1"]
[EndTime "10:31:28 PDT"]
[Termination "MokshAD1603 won by checkmate"]

1. e4 c5 2. Nf3 d6 3. d4 cxd4 4.
Nxd4 Nf6 5. Nc3 Nc6 6. Bg5 e6 7. Qd2 a6 8. O-O-O Bd7 9. f4 Be7 10. Nf3 b5 11. Kb1 b4 12. Bxf6 Bxf6 13. Ne2 Be7 14.
Ned4 Nxd4 15. Qxd4 O-O 16. Qxb4 a5 17. Qd2 Qc7 18. e5 d5 19. Bd3 Rfb8 20. Ka1 a4 21. c3 Rb7 22. g4 Rab8 23. Rb1 Rb3 24. Nd4 Qa5 25. f5 Bc5 26. fxe6 fxe6 27. Bc2 R3b7 28. Rhf1 Qb6 29. h4 Be8 30. h5 Be7 31. Qd3 g6 32. hxg6 Bxg6 33. Qd2 Bxc2 34. Qxc2 Bc5 35. Qd3 Bxd4 36.
Qxd4 Qxd4 37. cxd4 Rb4 38. Rf4 Rf8 39. Rxf8+ Kxf8 40.
Rd1 Kg7 41. a3 Rc4 42. Kb1 Kg6 43. Rf1 Kg5 44. Rf6 Rc6 45. Rf7 h6 46. Rg7+ Kf4 47. Rh7 Ke4 48. Rxh6 Kxd4 49. g5 Kxe5 50. Rh4 d4 51. g6 Rc8 52. g7 Rg8 53. Rg4 Kd5 54.
Kc2 e5 55. Rg6 e4 56. Kd2 Ke5 57. Rg5+ Kf4 58. Rg6 Kf5 59. Rg1 Kf6 60. Rg4 Kf5 61. Rg1 Ke5 62. Rg5+ Kf4 63. Rg6 d3 64. Rf6+ Ke5 65.
Rg6 Kd5 66. Ke3 Ke5 67. Rg5+ Kf6 68. Rg4 Rxg7 69. Rxe4 Rd7 70. Kd2 Rb7 71. Rb4 Rxb4 72. axb4 Ke5 73. Kxd3 Kd5 74. Kc3 Kc6 75. Kc4 Kb6 76. b5 Kb7 77. Kb4 Kb6 78. Kxa4 Kb7 79. Ka5 Ka7 80. b6+ Kb7 81. Kb5 Kb8 82. Kc6 Ka8 83. b7+ Kb8 84. b3 Ka7 85. Kc7 Ka6 86. b8=Q Ka5 87. Kc6 Ka6 88. Qa8# 1-0

[Event "*** SCC Grand Prix: Titled Tuesday Blitz"]
[Site "Chess.com"]
[Date "2020.08.11"]
[Round "3"]
[White "wonderfultime"]
[Black "Volodar_Murzin"]
[Result "1-0"]
[WhiteElo "2976"]
[BlackElo "2688"]
[TimeControl "180+1"]
[EndTime "10:31:36 PDT"]
[Termination "wonderfultime won by resignation"]

1. d4 d5 2. Nf3 c6 3. Bf4 Nf6 4.
e3 Bg4 5. c4 e6 6. Qb3 Qb6 7.
Nc3 Nbd7 8. h3 Bxf3 9. gxf3 Be7 10. c5 Qxb3 11. axb3 Nh5 12. Bh2 a6 13. b4 Rc8 14.
f4 g6 15. Be2 Ng7 16. Kd2 Nf5 17.
Bd3 Bh4 18. Rhf1 Ke7 19. Ne2 Bf6 20. Nc1 Rb8 21. Nb3 Rhc8 22. f3 Bg7 23. Bc2 Rd8 24. Bg1 Bh6 25. Bf2 Kf8 26. Ke2 Ne7 27.
Bg3 Nf5 28. Bh2 Bg7 29. Rfd1 Ne7 30. e4 f5 31. e5 Kf7 32. Bd3 Rdc8 33. h4 Rc7 34.
Rg1 h5 35. Bg3 Bh6 36. Ra2 Nf8 37. Ke3 Nd7 38. Rga1 Nf8 39. Be1 Nd7 40. Na5 Kg7 41. Bc3 Kf7 42. Nxb7 Rcxb7 43. Rxa6 Rxb4 44. Bxb4 Rxb4 45. Ra7 Nxe5 46. dxe5 Bxf4+ 47. Kf2 Rxb2+ 48. Be2 Bxe5 49. R1a4 Rc2 50. f4 Bf6 51. R7a5 Bxh4+ 52. Ke3 Be1 53.
Ra8 Rxc5 54. R4a7 Bh4 55. Rh8 d4+ 56. Kd2 Bf6 57. Rh7+ Ke8 58. Bf3 Rd5 59. Bxd5 cxd5 60. Kd3 Nc6 61. Ra8+ Bd8 62. Rc7 Ne7 63. Kxd4 h4 64.
Rc3 h3 65. Rxh3 Kd7 66. Ra7+ Kd6 67. Ra6+ Nc6+ 68. Ke3 Kc5 69. Rh1 Nb4 70. Rc1+ Kb5 71. Ra8 Bb6+ 72. Ke2 d4 73. Re8 d3+ 74. Kd2 Ba5 75. Rb1 Kc5 76. Rxe6 Nd5+ 77. Kc1 d2+ 78. Kc2 Nxf4 79. Re5+ Kd4 80. Rxa5 1-0

[Event "*** SCC Grand Prix: Titled Tuesday Blitz"]
[Site "Chess.com"]
[Date "2020.08.11"]
[Round "3"]
[White "Virgo15"]
[Black "GM_dmitrij"]
[Result "0-1"]
[WhiteElo "2678"]
[BlackElo "2931"]
[TimeControl "180+1"]
[EndTime "10:31:36 PDT"]
[Termination "GM_dmitrij won on time"]

1. d4 d5 2. Nf3 Nf6 3. Bf4 c5 4.
e3 Nc6 5. Nbd2 Bf5 6. c3 e6 7.
Qa4 cxd4 8. exd4 Bd6 9. Bg5 O-O 10. Bb5 Rc8 11. O-O a6 12. Be2 h6 13. Bh4 Be7 14. Rfe1 Ne4 15. Bxe7 Qxe7 16. Nxe4 Bxe4 17. Qd1 b5 18. a4 Qb7 19. axb5 axb5 20. b4 Bxf3 21. Bxf3 Ne7 22. Qb3 Nf5 23. Ra5 Nd6 24. Be2 Rc7 25. Rc1 Rfc8 26. Bd3 g6 27. g3 Kg7 28. Qb2 Rc6 29. h4 h5 30. Kg2 Qc7 31. Ra3 Nc4 32. Bxc4 Rxc4 33. Ra5 Rxc3 34. Rxc3 Qxc3 35. Qxc3 Rxc3 36.
Rxb5 Rc4 37. Rb8 Rxd4 38. Kf3 Kf6 39. Ke3 Rc4 40. Kd3 Kf5 41. Rb7 f6 42. Rb8 Ke5 43. b5 Kf5 44. b6 Rb4 45. f3 Rb3+ 46. Ke2 e5 47. Kd2 e4 48. fxe4+ dxe4 49. b7 Rb6 50. Ke3 Rb3+ 51. Kd4 e3 52. Kc4 e2 53. Re8 Rxb7 54.
Rxe2 Kg4 55. Re6 Rf7 56. Re3 g5 57. hxg5 fxg5 58. Kd5 Rf3 59. Re4+ Kxg3 60. Ke5 h4 61. Re1 h3 62. Rg1+ Kh4 63. Ke4 Rf4+ 64. Ke3 h2 65. Ra1 Kh3 66. Rb1 Rf8 67. Ke4 g4 68. Ke3 g3 69. Rb7 h1=Q 70. Rh7+ Kg2 71. Rxh1 Kxh1 0-1

[Event "*** SCC Grand Prix: Titled Tuesday Blitz"]
[Site "Chess.com"]
[Date "2020.08.11"]
[Round "3"]
[White "WPWPWP-2015"]
[Black "Koksik_13"]
[Result "0-1"]
[WhiteElo "2391"]
[BlackElo "2601"]
[TimeControl "180+1"]
[EndTime "10:31:40 PDT"]
[Termination "Koksik_13 won on time"]

1. e4 a6 2. d4 e6 3. Nc3 b5 4.
Nf3 Bb7 5. Bd3 c5 6. dxc5 Bxc5 7. O-O Qc7 8. Qe2 Nc6 9. Be3 Bxe3 10. Qxe3 Nf6 11. Qg5 d6 12. Qxg7 Ke7 13. Ng5 Raf8 14. Nxe6 Kxe6 15. Qxf6+ Kxf6 16. Nd5+ Kg7 17. Nxc7 Ne5 18. f4 Nxd3 19. cxd3 Rc8 20. Rac1 Kf6 21. Kf2 h5 22. Rc3 Ke7 23. Rfc1 Kd7 24. Nd5 Rxc3 25. Nxc3 Rg8 26. Ne2 h4 27. Nd4 Rg6 28. Nf5 h3 29. gxh3 Rg8 30. Ne3 Rh8 31. Kg3 Rg8+ 32. Ng4 d5 33.
Kf3 Rh8 34. Kg3 dxe4 35. dxe4 Rg8 36. e5 Bd5 37. a3 Bc4 38. Rd1+ Kc7 39. h4 a5 40. Rd6 Be6 41. Rxe6 fxe6 42. h5 Kd7 43. Kh4 Ke7 44. h6 Kf7 45. h7 Rc8 46. Nf6 Kg7 47.
Kg5 Rc2 48. f5 Rg2+ 49. Kf4 Rf2+ 50. Ke4 Rxf5 51. b4 a4 52. Kd4 Rf3 53. Kc5 Rxa3 54. Kxb5 Ra1 55. h4 a3 56. Ka4 a2 57. Ka3 Rb1 58.
Kxa2 Rxb4 59. h5 Rb5 60. h6+ Kh8 61. Ka3 Rxe5 62. Kb4 Rf5 63. Nd7 Kxh7 64. Kc4 Kxh6 65. Nc5 Re5 66. Kd4 Re1 67. Nd3 Re2 68. Nc1 Rd2+ 69. Ke5 Kg5 70. Kxe6 Kf4 71. Nb3 Re2+ 72. Kd5 Re8 73. Nc5 Rd8+ 74. Kc6 Ke5 75. Nd7+ Kd4 0-1

[Event "*** SCC Grand Prix: Titled Tuesday Blitz"]
[Site "Chess.com"]
[Date "2020.08.11"]
[Round "3"]
[White "SergeyKarjakin"]
[Black "Vuk2000"]
[Result "0-1"]
[WhiteElo "2974"]
[BlackElo "2712"]
[TimeControl "180+1"]
[EndTime "10:31:42 PDT"]
[Termination "Vuk2000 won by resignation"]

1. e4 e6 2. d4 d5 3. Nc3 Bb4 4. e5 c5 5. a3 Bxc3+ 6. bxc3 Ne7 7. h4 Qc7 8. h5 h6 9. Rb1 b6 10. Qg4 Kf8 11. Rh3 Ba6 12. Bxa6 Nxa6 13. Qe2 Nb8 14.
g4 Nbc6 15. Nf3 Rc8 16. a4 Na5 17. dxc5 Qxc5 18. Nd4 Nc4 19. f4 Nc6 20. Rb5 Qe7 21. Kf1 a6 22. Rb1 Qd7 23. Ra1 Kg8 24. Kg2 Ne7 25. Rf3 Nc6 26. Qd3 N6xe5 27. fxe5 Nxe5 28. Qxa6 Nxf3 29. Nxf3 Rxc3 30. Qe2 Qc7 31. Ra2 Rc4 32.
Kh3 Re4 33. Qd3 Qc4 34. Qxc4 Rxc4 35. Be3 Rc3 36. Bxb6 Rxf3+ 37. Kg2 Rf4 38. Kg3 Rc4 39. a5 Kh7 40. a6 Rc3+ 41. Kf4 f6 42. Bd4 Rc4 43. Ke3 e5 44. Bb6 Rc6 45. a7 Rxb6 46.
a8=Q Rxa8 47. Rxa8 Rc6 48. Ra5 d4+ 49. Kd2 Rc3 50.
Ra4 Rg3 51. Ke1 Rg2 52. c4 dxc3 53. Kd1 c2+ 54. Kc1 Rf2 55. Rc4 Re2 56. Kb2 e4 57.
Kc1 e3 58. Re4 Kg8 59. Re7 Kf8 60. Re6 Kf7 61. Re4 Kg8 62. Re7 Kf8 63. Re6 Kf7 64.
Re4 g6 65. Kb2 gxh5 66. gxh5 f5 67. Ra4 Kf6 68. Ra6+ Kg5 69. Rg6+ Kxh5 70. Rg1 f4 71. Kc3 f3 72. Kd3 Rf2 73. Kxe3 Rg2 74. Rh1+ Kg4 75. Kd3 Re2 76. Rg1+ Kf4 77. Rh1 h5 78. Kc3 Kg4 79. Kb2 h4 80. Rg1+ Rg2 81. Re1 h3 82. Re4+ Kg3 83.
Re8 h2 84. Rh8 Kf2 0-1

[Event "*** SCC Grand Prix: Titled Tuesday Blitz"]
[Site "Chess.com"]
[Date "2020.08.11"]
[Round "3"]
[White "Skatchkov_V"]
[Black "Man-Chuk"]
[Result "0-1"]
[WhiteElo "2633"]
[BlackElo "2838"]
[TimeControl "180+1"]
[EndTime "10:31:53 PDT"]
[Termination "Man-Chuk won by checkmate"]

1. d4 Nf6 2. c4 e6 3. Nf3 d5 4. g3 Bb4+ 5. Bd2 Be7 6. Bg2 O-O 7. Qc2 c6 8. O-O Nbd7 9. Bf4 b6 10.
Nc3 Ba6 11. b3 Rc8 12. Rfd1 Bb4 13. a3 Be7 14. Ne5 Nh5 15. Be3 Nhf6 16. Bf4 Nxe5 17. dxe5 Nd7 18. Rd2 Qc7 19. h4 dxc4 20. b4 Rfd8 21.
Rad1 Nf8 22. Ne4 Ng6 23. Nd6 Rb8 24. Qe4 c3 25. Rc2 Nxf4 26. Qxf4 f6 27. Rxc3 fxe5 28. Qf7+ Kh8 29. Rxc6 Qd7 30. Be4 Bxe2 31. Rd2 Rf8 32. Nc4 Qxc6 33. Bxc6 Rxf7 34. Rxe2 Bf6 35. b5 Rd8 36. Nxe5 Bxe5 37. Rxe5 Rd1+ 38. Kg2 Rd2 39. Rxe6 Rfxf2+ 40. Kh3 h5 41. Re8+ Kh7 42. Be4+ g6 43. g4 hxg4+ 44. Kxg4 Kg7 45. Re6 Rf6 46. Re7+ Rf7 47. Re6 Kf8 48. Bxg6 Re7 49. Rc6 Rg2+ 50. Kf4 Kg7 51. h5 Rf2+ 52. Kg5 Rg2+ 53. Kf4 Ra2 54. Kg5 Re5+ 55. Kf4 Rxb5 56. Rc7+ Kf6 57. Rxa7 Rf2+ 58.
Kg4 Rg2+ 59. Kh3 Rg1 60. Rf7+ Kg5 61. Rf3 Kh6 62. Bd3 Rxh5# 0-1

[Event "*** SCC Grand Prix: Titled Tuesday Blitz"]
[Site "Chess.com"]
[Date "2020.08.11"]
[Round "3"]
[White "parintele_chess"]
[Black "Diego_FloresQ"]
[Result "1/2-1/2"]
[WhiteElo "2113"]
[BlackElo "2468"]
[TimeControl "180+1"]
[EndTime "10:31:55 PDT"]
[Termination "Game drawn by repetition"]

1. d4 Nf6 2. c4 c5 3. d5 e6 4. Nc3 exd5 5. cxd5 d6 6. e4 g6 7. f4 Bg7 8. Bb5+ Nfd7 9. Bd3 Qh4+ 10.
g3 Qe7 11. Qe2 O-O 12. Nf3 a6 13. a4 Re8 14. O-O Nf6 15. e5 dxe5 16. fxe5 Ng4 17. Bg5 f6 18. exf6 Qxe2 19. Nxe2 Bxf6 20. Bxf6 Nxf6 21.
Nf4 Bh3 22. Rfe1 Bg4 23. Rxe8+ Nxe8 24. Ne5 Bd7 25. Rc1 b6 26. a5 bxa5 27. Rxc5 Nd6 28.
Rc7 Bb5 29. Bxb5 axb5 30. Ne6 Na6 31. Rd7 Nf5 32. Ng4 Rf8 33. Nxf8 Kxf8 34. Rxh7 Nb4 35. d6 Nxd6 36. Rd7 Nf5 37. Rb7 Nd6 38. Rb6 Nc4 39. Rxb5 Nxb2 40. Rxa5 N2d3 41. Ra8+ Kf7 42. Rd8 Ke6 43. Nf2 Ne5 44. Re8+ Kf5 45. g4+ Kf4 46. Rf8+ Kg5 47. Kg2 Nd5 48. Kg3 Ne3 49. h4+ Kh6 50. g5+ Kg7 51. Re8 Nf5+ 52. Kf4 Nf7 53. Re1 Nxh4 54.
Ng4 Nf5 55. Nf6 N7d6 56. Re8 Kf7 57. Rh8 Ke6 58. Re8+ Nxe8 59. Nxe8 Ne7 60. Ng7+ Kd5 61. Ne8 Ke6 62. Nf6 Nd5+ 63. Nxd5 Kxd5 64. Kf3 Ke5 65. Kg4 Ke4 66. Kg3 Kf5 67. Kf3 Kxg5 68. Kg3 Kf5 69. Kf3 g5 70. Kg3 g4 71. Kg2 Kf4 72.
Kf2 Ke4 73. Kg3 Kf5 74. Kg2 Kg5 75. Kg3 Kh5 76. Kg2 Kh4 77. Kh2 g3+ 78. Kg2 Kg4 79.
Kg1 Kh3 80. Kh1 Kg4 81. Kg2 Kf4 82. Kg1 Ke3 83. Kg2 Kf4 84. Kg1 Kf3 85. Kf1 Kg4 86. Kg2 Kh4 87. Kg1 Kh3 88. Kh1 Kg4 89. Kg2 1/2-1/2

[Event "*** SCC Grand Prix: Titled Tuesday Blitz"]
[Site "Chess.com"]
[Date "2020.08.11"]
[Round "3"]
[White "PowerThinking2650"]
[Black "Artur0208"]
[Result "1/2-1/2"]
[WhiteElo "2451"]
[BlackElo "2751"]
[TimeControl "180+1"]
[EndTime "10:31:58 PDT"]
[Termination "Game drawn - insufficient material"]

1. e4 e5 2. Nf3 Nc6 3. Nc3 Nf6 4. d4 exd4 5. Nxd4 Bb4 6. Nxc6 bxc6 7. Bd3 d5 8. exd5 O-O 9. O-O cxd5 10. Bg5 c6 11. Qf3 Rb8 12. Bxf6 Qxf6 13. Qxf6 gxf6 14. Ne2 Bd6 15.
Rab1 Re8 16. Ng3 c5 17. b3 Bd7 18. Nf5 Bf8 19. g4 c4 20. bxc4 Rxb1 21. Rxb1 dxc4 22.
Bxc4 Re4 23. Ne3 Bc5 24. Bd3 Rf4 25. h3 Rf3 26. Rb8+ Kg7 27. Nf5+ Bxf5 28. Bxf5 Rxf2 29.
Kh1 h5 30. Rc8 Bb6 31. c4 hxg4 32. hxg4 Rxa2 33. c5 Ba5 34. c6 Bb6 35. Rb8 Ra1+ 36. Kg2 Rc1 37. Bd7 Rc3 38. Rb7 Kf8 39. Rb8+ Ke7 40. Re8+ Kd6 41. Rf8 Ke7 42. Re8+ Kd6 43. Rf8 Ke5 44. Rxf7 Bd4 45. Re7+ Kf4 46. Re2 a5 47.
Ra2 Bb6 48. Ra4+ Kg5 49. Kf1 Rc2 50. Ke1 Bc7 51. Kd1 Rc5 52. Kd2 Be5 53. Kd3 Rc3+ 54. Ke4 Rc5 55. Ra3 Bc3 56. Kd3 Bb4 57. Ra2 Kf4 58.
Rf2+ Kg5 59. Rf5+ Rxf5 60. Bxf5 Bd6 61. Kc4 Kf4 62. Kb5 Bc7 63. Ka6 Ke5 64. Kb7 Kd6 65.
Bc2 Bd8 66. Ba4 Bc7 67. Kc8 Bb6 68. Kb7 Bd8 69. Bb5 Ke5 70. c7 Bxc7 71. Kxc7 Kf4 72. Kd6 Kxg4 73. Ke6 f5 74. Kd5 f4 75. Kd4 f3 76. Kc3 Kg3 77. Kb2 Kf4 78. Ka3 Ke5 79.
Ka4 Kd4 80. Kxa5 Kc5 81. Ba6 f2 82. Bf1 Kd4 83. Kb4 Ke3 84. Kc3 Ke4 85. Kd2 Kf3 86.
Kd3 Kf4 87. Ke2 Kg3 88. Ke3 Kg4 89. Kxf2 1/2-1/2

[Event "*** SCC Grand Prix: Titled Tuesday Blitz"]
[Site "Chess.com"]
[Date "2020.08.11"]
[Round "3"]
[White "tigra"]
[Black "Carnivoras"]
[Result "1-0"]
[WhiteElo "2878"]
[BlackElo "2649"]
[TimeControl "180+1"]
[EndTime "10:32:02 PDT"]
[Termination "tigra won by resignation"]

1. e4 g6 2. d4 Bg7 3. Nc3 d6 4. Nf3 Bg4 5. Be2 Nf6 6. Be3 O-O 7. O-O Nc6 8. Re1 e5 9. d5 Ne7 10. h3 Bd7 11. Qd2 Nh5 12. Ng5 Nf6 13. f4 exf4 14. Bxf4 h6 15. Nf3 g5 16. Bh2 Ng6 17. Nd4 Re8 18.
Bf1 Nh5 19. Nf5 Bxf5 20. exf5 Ne5 21. Re4 Nf6 22. Re3 Qd7 23. Qf2 a6 24. Rae1 Nh7 25. Ne4 Nf6 26. Bxe5 dxe5 27. c4 Nxe4 28. Rxe4 Bf6 29.
Qd2 Rad8 30. Qf2 Kg7 31. Kh1 c6 32. Rd1 cxd5 33. cxd5 Qd6 34. Bc4 Rc8 35. Qf3 Rc7 36. Qb3 Rec8 37. a4 Rc5 38. Be2 R8c7 39. Bf3 Rc2 40.
Re2 Rxe2 41. Bxe2 e4 42. Qe3 Re7 43. b3 Re5 44. Bc4 Re7 45. a5 Re5 46. Rf1 Re7 47. Rd1 Re5 48. Rf1 Re7 49. Kg1 Re5 50. g3 Re7 51.
Kg2 Qe5 52. Rd1 Rd7 53. Re1 Re7 54. Rf1 Qd6 55. Rf2 Qa3 56. Re2 Qxa5 57. d6 Rd7 58.
Rd2 Qxf5 59. Rd5 Qe6 60. Qe2 Qe8 61. Qe3 Qd8 62. Qc5 b6 63. Qc6 b5 64. Be2 e3 65. Bg4 Ra7 66. d7 Ra8 67. Rd6 a5 68. Rxf6 Qxf6 69. Qxa8 Qf2+ 70. Kh1 Qf1+ 71. Kh2 e2 72.
Bxe2 Qxe2+ 73. Qg2 Qe7 74. Qd2 Qd8 75. Qd6 Kg8 76. h4 Kg7 77. h5 Kg8 78. Kg2 Kg7 79. Kf2 a4 80. bxa4 bxa4 81. Qe5+ Kh7 82. Qe8 Qf6+ 83.
Ke3 Qb6+ 84. Ke4 Qc6+ 85. Kd4 Qf6+ 86. Kc4 Qc6+ 87. Kb4 Qb6+ 88. Kxa4 Qa6+ 89. Kb4 Qb6+ 90. Kc4 Qc6+ 91. Kd4 Qd6+ 92. Ke4 Qc6+ 93. Ke5 Qc5+ 94. Kf6 Qd6+ 95. Kxf7 Qd5+ 96. Qe6 Qg2 97. Qg6+ 1-0

[Event "*** SCC Grand Prix: Titled Tuesday Blitz"]
[Site "Chess.com"]
[Date "2020.08.11"]
[Round "4"]
[White "ShapkinAnatoliy"]
[Black "ChessWarrior7197"]
[Result "0-1"]
[WhiteElo "2747"]
[BlackElo "2911"]
[TimeControl "180+1"]
[EndTime "10:33:33 PDT"]
[Termination "ChessWarrior7197 won by resignation"]

1. d4 d5 2. c4 e6 3. Nf3 c5 4.
cxd5 exd5 5. Nc3 Nc6 6. g3 cxd4 7. Nxd4 Bc5 8. Nxc6 bxc6 9. Bg2 Nf6 10. O-O O-O 11.
b3 Ba6 12. Bb2 Re8 13. Re1 Bxf2+ 14. Kxf2 Ng4+ 15. Kg1 Qb6+ 16. e3 Rxe3 17. Kh1 Nf2+ 0-1

[Event "*** SCC Grand Prix: Titled Tuesday Blitz"]
[Site "Chess.com"]
[Date "2020.08.11"]
[Round "4"]
[White "saikrishnaReturns"]
[Black "Savva09022009"]
[Result "1-0"]
[WhiteElo "2652"]
[BlackElo "2337"]
[TimeControl "180+1"]
[EndTime "10:33:34 PDT"]
[Termination "saikrishnaReturns won by checkmate"]

1. e4 c6 2. Nc3 d5 3. Nf3 dxe4 4. Nxe4 Nd7 5. Bc4 Ngf6 6. Neg5 e6 7. Qe2 Bd6 8. Nxf7 Kxf7 9. Qxe6+ Kg6 10. Qf7+ Kf5 11. Be6+ Ke4 12. d3# 1-0

[Event "*** SCC Grand Prix: Titled Tuesday Blitz"]
[Site "Chess.com"]
[Date "2020.08.11"]
[Round "4"]
[White "TargetA"]
[Black "Khazieva_Elza"]
[Result "1/2-1/2"]
[WhiteElo "2592"]
[BlackElo "2333"]
[TimeControl "180+1"]
[EndTime "10:33:56 PDT"]
[Termination "Game drawn by repetition"]

1. d4 Nf6 2. c4 d6 3. Nc3 Bf5 4. f3 e5 5. d5 e4 6. g4 Nxg4 7. fxg4 Qh4+ 8. Kd2 e3+ 9. Kxe3 Qg5+ 10. Kf2 Qh4+ 11. Ke3 Qg5+ 12. Kf2 Qh4+ 13. Ke3 1/2-1/2

[Event "*** SCC Grand Prix: Titled Tuesday Blitz"]
[Site "Chess.com"]
[Date "2020.08.11"]
[Round "4"]
[White "gagtemp"]
[Black "Grieve72"]
[Result "0-1"]
[WhiteElo "1963"]
[BlackElo "2352"]
[TimeControl "180+1"]
[EndTime "10:34:31 PDT"]
[Termination "Grieve72 won by resignation"]

1. e4 c6 2. d4 d5 3. exd5 cxd5 4. c4 Nf6 5. Nc3 Nc6 6. Bg5 Be6 7. cxd5 Nxd5 8. Nf3 g6 9. a3 Bg7 10. Bc4 Nxc3 0-1

[Event "*** SCC Grand Prix: Titled Tuesday Blitz"]
[Site "Chess.com"]
[Date "2020.08.11"]
[Round "4"]
[White "Artur0208"]
[Black "2007checkmate"]
[Result "1-0"]
[WhiteElo "2753"]
[BlackElo "2430"]
[TimeControl "180+1"]
[EndTime "10:34:36 PDT"]
[Termination "Artur0208 won by resignation"]

1. d4 d5 2. c4 dxc4 3. e4 Nf6 4.
e5 Nd5 5. Bxc4 Nc6 6. Nf3 Bg4 7. Nc3 Nb6 8. Bxf7+ Kxf7 9. Ng5+ Kg6 10. Qxg4 Qxd4 11. Qe6+ Kh5 12. Ne2 Qxe5 13. Qf7+ 1-0

[Event "*** SCC Grand Prix: Titled Tuesday Blitz"]
[Site "Chess.com"]
[Date "2020.08.11"]
[Round "4"]
[White "Oglob71"]
[Black "TurboSteen"]
[Result "1-0"]
[WhiteElo "2574"]
[BlackElo "2018"]
[TimeControl "180+1"]
[EndTime "10:34:58 PDT"]
[Termination "Oglob71 won by resignation"]

1. d4 Nf6 2. Nf3 g6 3. c4 c5 4. d5 b5 5. a4 bxc4 6. Nc3 e6 7. e4 exd5 8. e5 Qe7 9. Nxd5 Nxd5 10. Qxd5 Nc6 11.
Bxc4 Bg7 12. O-O O-O 13. Bg5 Qe8 14. Rfe1 Rb8 15. Qxc5 Bb7 16. Rad1 Ba8 17. b3 Nb4 18. Be7 Bxf3 19. gxf3 Nc2 20. Re2 1-0

[Event "*** SCC Grand Prix: Titled Tuesday Blitz"]
[Site "Chess.com"]
[Date "2020.08.11"]
[Round "4"]
[White "volcanoexplorer"]
[Black "exoticprincess"]
[Result "1/2-1/2"]
[WhiteElo "2626"]
[BlackElo "2832"]
[TimeControl "180+1"]
[EndTime "10:35:15 PDT"]
[Termination "Game drawn by repetition"]

1. e4 c6 2. d4 d5 3. exd5 cxd5 4.
Bd3 Nc6 5. c3 g6 6. Nf3 Bg4 7.
h3 Bxf3 8. Qxf3 e6 9. O-O Bg7 10.
Nd2 Nge7 11. Nb3 O-O 12. Bf4 b6 13. a4 a6 14. Qe2 Qc8 15. h4 Re8 16. h5 Nf5 17.
Bxf5 exf5 18. Qf3 Qd7 19. a5 b5 20. Nc5 Qd8 21. Nb7 Qd7 22. Nc5 Qd8 23. Nb7 Qd7 24. Nc5 1/2-1/2

[Event "*** SCC Grand Prix: Titled Tuesday Blitz"]
[Site "Chess.com"]
[Date "2020.08.11"]
[Round "4"]
[White "FedaMaster"]
[Black "mr65"]
[Result "1-0"]
[WhiteElo "2397"]
[BlackElo "2144"]
[TimeControl "180+1"]
[EndTime "10:35:15 PDT"]
[Termination "FedaMaster won by resignation"]

1. e4 e5 2. Nf3 Nc6 3. d4 exd4 4. Bc4 Nf6 5. O-O Nxe4 6. Re1 d5 7. Bxd5 Qxd5 8. Nc3 Qa5 9. Nxe4 Be6 10. Bg5 Be7 11.
Bxe7 Nxe7 12. Qxd4 O-O 13. Neg5 Ng6 14. Nxe6 fxe6 15. Rxe6 Rad8 16. Qe3 Qb6 17. Rxb6 axb6 1-0

[Event "*** SCC Grand Prix: Titled Tuesday Blitz"]
[Site "Chess.com"]
[Date "2020.08.11"]
[Round "4"]
[White "rynos0411"]
[Black "a3aki"]
[Result "0-1"]
[WhiteElo "2348"]
[BlackElo "2087"]
[TimeControl "180+1"]
[EndTime "10:35:19 PDT"]
[Termination "a3aki won by resignation"]

1. d4 Nf6 2. c4 g6 3. Nc3 Bg7 4. e4 d6 5. h3 O-O 6. Be3 e5 7. d5 Nh5 8. Be2 Nf4 9. Bf3 f5 10. g3 fxe4 11. Nxe4 Nh5 12. Bxh5 gxh5 13. Qxh5 Bf5 14.
Nc3 Bg6 15. Qd1 Nd7 16. Nge2 Nf6 17. Qd2 Ne4 18. Nxe4 Bxe4 19. O-O Qd7 20. Kh2 Rf6 21. Nc3 Bf3 22. c5 Raf8 23. Rac1 Rf5 24. cxd6 Rh5 25. h4 Rxh4+ 0-1

[Event "*** SCC Grand Prix: Titled Tuesday Blitz"]
[Site "Chess.com"]
[Date "2020.08.11"]
[Round "4"]
[White "maxip32"]
[Black "LubovMarkelova"]
[Result "1-0"]
[WhiteElo "2470"]
[BlackElo "2280"]
[TimeControl "180+1"]
[EndTime "10:35:30 PDT"]
[Termination "maxip32 won by resignation"]

1. e4 e5 2. Nf3 Nc6 3. d4 exd4 4. Nxd4 Bc5 5. Nxc6 bxc6 6. Bd3 Qh4 7. Qf3 Nf6 8.
Be3 Bxe3 9. Qxe3 O-O 10. O-O Ng4 11. Qg3 Qxg3 12. hxg3 d5 13. Nc3 Rb8 14. b3 d4 15.
Na4 Ne5 16. f4 Nxd3 17. cxd3 Ba6 18. Rfd1 Bb5 19. Nc5 1-0

[Event "*** SCC Grand Prix: Titled Tuesday Blitz"]
[Site "Chess.com"]
[Date "2020.08.11"]
[Round "4"]
[White "lucasmito"]
[Black "GracefulYear"]
[Result "1-0"]
[WhiteElo "2608"]
[BlackElo "2367"]
[TimeControl "180+1"]
[EndTime "10:35:35 PDT"]
[Termination "lucasmito won by checkmate"]

1. e4 c6 2. d4 d5 3. Nc3 dxe4 4.
Nxe4 Bf5 5. Ng3 Bg6 6. h4 h6 7. h5 Bh7 8. Nf3 Nd7 9. Bd3 Bxd3 10. Qxd3 e6 11. Bd2 Ngf6 12. O-O-O Be7 13. Ne4 Nxe4 14. Qxe4 Nf6 15. Qe2 Qc7 16. Kb1 O-O-O 17. c4 c5 18. Bc3 Rhe8 19. Ne5 Bd6 20. f4 cxd4 21. Bxd4 Re7 22.
c5 Bxc5 23. Bxc5 Rxd1+ 24. Rxd1 Qxc5 25. Rc1 Rc7 26. Rxc5 Rxc5 27. Nxf7 Kd7 28. Ne5+ Kd6 29. b4 Rd5 30. Qc4 Rd2 31. Qc5# 1-0

[Event "*** SCC Grand Prix: Titled Tuesday Blitz"]
[Site "Chess.com"]
[Date "2020.08.11"]
[Round "4"]
[White "GukeshDommaraju"]
[Black "Aguiar94"]
[Result "1-0"]
[WhiteElo "2640"]
[BlackElo "2456"]
[TimeControl "180+1"]
[EndTime "10:35:41 PDT"]
[Termination "GukeshDommaraju won by checkmate"]

1. e4 c5 2. Nf3 e6 3. d4 cxd4 4. Nxd4 Nc6 5. Nc3 Qc7 6. Be3 a6 7. Qf3 Nf6 8. O-O-O Nxd4 9. Bxd4 e5 10. Be3 d6 11.
Bg5 Bg4 12. Nd5 Nxd5 13. Qxg4 Nb4 14. c3 Rc8 15. Kb1 h6 16. cxb4 hxg5 17. Bb5+ axb5 18. Rc1 Qb6 19. Qxc8+ Ke7 20. Rc7+ Kf6 21. Qf5# 1-0

[Event "*** SCC Grand Prix: Titled Tuesday Blitz"]
[Site "Chess.com"]
[Date "2020.08.11"]
[Round "4"]
[White "SRDR8290"]
[Black "chessdjw"]
[Result "1-0"]
[WhiteElo "2397"]
[BlackElo "2598"]
[TimeControl "180+1"]
[EndTime "10:35:44 PDT"]
[Termination "SRDR8290 won by resignation"]

1. d4 Nf6 2. c4 g6 3. Nc3 Bg7 4. e4 O-O 5. Nf3 d6 6. Be2 e5 7.
O-O Nc6 8. d5 Ne7 9. Ne1 Nd7 10.
Be3 f5 11. f3 f4 12. Bf2 g5 13.
a4 a5 14. Nd3 b6 15. b4 Kh8 16.
Nb5 Rg8 17. bxa5 Rxa5 18. Be1 Ra8 19. a5 Bf6 20. axb6 Rxa1 21. bxc7 Rxd1 22. cxd8=Q Rf8 23. Qxf8+ 1-0